 Dungeon Crawl Stone Soup version 0.30-a0-639-g3916f1956a (webtiles) character file.

Game seed: 10256155901004253952

4270 Sabo the Arsonist (level 10, 0/52 HPs)
             Began as a Gargoyle Fire Elementalist on Jan 16, 2023.
             Was a Believer of Vehumet.
             Slain by a brown ugly thing (9 damage)
             ... on level 9 of the Dungeon on Jan 17, 2023.
             The game lasted 01:10:46 (12290 turns).

Sabo the Arsonist (Gargoyle Fire Elementalist)     Turns: 12290, Time: 01:10:46

Health: 0/52       AC: 14    Str: 12    XL:     10   Next: 31%
Magic:  25/31      EV: 17    Int: 20    God:    Vehumet [**....]
Gold:   221        SH:  0    Dex: 10    Spells: 13/26 levels left

rFire   + . .      SeeInvis .    C - +5 war axe
rCold   + . .      Faith    .    (no shield)
rNeg    + . .      Spirit   .    w - +1 steam dragon scales
rPois   ∞          Reflect  .    c - +0 helmet
rElec   +          Harm     .    F - scarf {rC+ rF+}
rCorr   .          Rampage  .    (no gloves)
Will    .....                    (no boots)
Stlth   ++                       t - amulet of magic regeneration
HPRegen 0.28/turn                E - ring of magical power
MPRegen 0.62/turn                D - +5 ring of evasion

@: slowed, very slow
A: sickness immunity, AC +7, negative energy resistance 1, electricity
resistance, torment resistance 1, petrification resistance
a: Renounce Religion


You were on level 9 of the Dungeon.
You worshipped Vehumet.
Vehumet was pleased with you.
You visited 2 branches of the dungeon, and saw 10 of its levels.
You also visited: Sewer.

You collected 733 gold pieces.
You spent 512 gold pieces at shops.

Inventory:

Hand Weapons
 s - a +0 shortbow
 B - a +2 battleaxe
 C - a +5 war axe (weapon)
Missiles
 e - 8 boomerangs (quivered)
 h - 5 poisoned darts
Armour
 c - a +0 helmet (worn)
 w - +1 steam dragon scales (worn)
 F - a scarf of resistance (worn)
Jewellery
 t - an amulet of magic regeneration (around neck)
 D - a +5 ring of evasion (right hand)
 E - a ring of magical power (left hand)
Wands
 i - a wand of flame (13)
 y - a wand of iceblast (8)
Scrolls
 a - 2 scrolls of fog
 f - 7 scrolls of teleportation
 o - 4 scrolls of blinking
 q - 2 scrolls of magic mapping
 v - a scroll of silence
 A - 2 scrolls of fear
Potions
 b - a potion of magic
 d - a potion of attraction {unknown}
 g - 5 potions of curing
 j - a potion of invisibility
 k - a potion of might
 n - 3 potions of haste
 p - 3 potions of lignification
 r - a potion of brilliance {unknown}
 u - 2 potions of flight
 x - a potion of degeneration {unknown}
 z - a potion of mutation {unknown}


   Skills:
 + Level 1.1 Fighting
 + Level 1.5 Short Blades
 + Level 0.9 Axes
 + Level 3.5 Throwing
 + Level 1.2 Armour
 + Level 2.9 Dodging
 + Level 3.9 Stealth
 + Level 8.7 Spellcasting
 + Level 1.2 Conjurations
 + Level 0.1 Translocations
 + Level 9.8 Fire Magic
 + Level 0.1 Air Magic


You had 13 spell levels left.
You knew the following spells:

 Your Spells              Type           Power      Damage    Failure   Level
a - Foxfire               Conj/Fire      100%       2x1d9     1%          1
b - Scorch                Fire           94%        2d10      1%          2
c - Inner Flame           Hex/Fire       28%        N/A       3%          3
d - Flame Wave            Conj/Fire      30%        2d9       9%          4
e - Kindle Blastsparks    Fire/Tloc/Air  44%        2d13      6%          3

Your spell library contained the following spells:

 Spells                   Type           Power      Damage    Failure   Level
 Stone Arrow              Conj/Erth      22%        3d8       19%         3
 Beastly Appendage        Tmut           16%        N/A       8%          1
 Wereblood                Tmut           8%         N/A       12%         2
 Spider Form              Tmut/Pois      8%         N/A       24%         3
 Summon Guardian Golem    Hex/Summ       8%         N/A       24%         3
 Orb of Destruction       Conj           6%         9d6       100%        7
 Spellforged Servitor     Conj/Summ      5%         N/A       100%        7


Dungeon Overview and Level Annotations

Branches:
Dungeon (9/15)             Temple (1/1) D:4            Lair (0/5) D:9
    Orc (0/2) D:9           Sewer (visited)

Altars:
Ashenzari
Cheibriados
Dithmenos
Elyvilon
Fedhas
Gozag
Hepliaklqana
Kikubaaqudgha
Nemelex Xobeh
Okawaru
Qazlal
Ru
Trog
Uskayaw
Vehumet
Wu Jian
Xom
Yredelemnul
Zin
The Shining One

Shops:
D:5 =   D:8 *

Annotations:
Temple 2 transporters


Innate Abilities, Weirdness & Mutations

You are immune to sickness and miasma.
Your stone body is resilient. (AC +7)
You are immune to poison.
You resist negative energy. (rN+)
You are resistant to electric shocks. (rElec)
You are resistant to unholy torment.
You are immune to petrification.


Message History

The brown ugly thing kicks you!
You are splashed with acid.
The boulder beetle curls into a ball and begins rolling!
The freezing wraith closely misses you. The freezing wraith hits you.
The freezing wraith drains your vigour!
You feel yourself slow down.
Casting: Scorch (safe; 1% risk of failure)
Confirm with . or Enter, or press ? or * to list all spells.
Flames lash the slime creature.
The slime creature is burned terribly!
The slime creature is moderately wounded.
The brown ugly thing kicks you.
You are splashed with acid!
The freezing wraith hits you!
* * * LOW HITPOINT WARNING * * *
The freezing wraith freezes you! You resist.
* * * LOW HITPOINT WARNING * * *
The freezing wraith closely misses you. The brown ugly thing barely misses you.
The freezing wraith hits you but does no damage.
The freezing wraith closely misses you.
The boulder beetle stops rolling and uncurls.
The slime creature completely misses you.
You feel much better. The brown ugly thing kicks you.
You are splashed with acid!
* * * LOW HITPOINT WARNING * * *
The slime creature hits you but does no damage.
The freezing wraith hits you but does no damage.
The freezing wraith closely misses you.
Casting: Scorch (safe; 1% risk of failure)
Confirm with . or Enter, or press ? or * to list all spells.
Casting: Flame Wave (dangerous; 9% risk of failure)
Press: ? - help, Dir - look around, f - activate A wave of flame ripples out!
The flame wave engulfs the slime creature!!
The slime creature is burned terribly!
The slime creature is heavily wounded.
The flame wave engulfs the brown ugly thing.
The brown ugly thing is lightly wounded.
The flame wave engulfs the freezing wraith but does no damage.
The freezing wraith is moderately damaged. (Press . to intensify the flame waves.)
You hear a skittering sound.
The brown ugly thing kicks you!
You die...

#....#
#.............#
#....... ..#..#
#.............#
#....... .≈#..#
#........>....#
#.#####. ..#..#
#.............# #.#
#. #....#
#.............# #.#
#. .....#
#.............# #.#
#. .#...#
#.............####.#
#. #....#
###########..<.....#
#. ..##.#
#.@.'........# #.
.###.#####
#JuW#...###..# #. ##
#.....# #hB.#...#
#..# #. # #.....#
#...#.>.# #..# #. #
#.....# #...#...#
#..# #. # #.....#
....#...# #..# #. #
#.....# .....#...#
#..# #. # #.....#
......#...# #..# #.
# #.....### #...#
#..# #.


You could see a boulder beetle, a brown ugly thing, a slime creature
(combustible), a freezing wraith (combustible) and a howler monkey.

Vanquished Creatures
  Maggie (D:8)
  Prince Ribbit (D:8)
  2 vampire mosquitoes (D:8)
  3 steam dragons
  An acid dragon (D:8)
  3 water moccasins
  3 ogres
  2 centaurs
  3 phantoms
  3 bullfrogs
  A gnoll sergeant (D:9)
  2 scorpions
  A necrophage (D:5)
  7 wights
  10 killer bees (D:9)
  A howler monkey (D:7)
  A gnoll bouda (D:6)
  3 jellies
  An orc priest (D:9)
  3 hounds
  3 orc wizards
  An iguana (D:5)
  A hell rat (Sewer)
  Terence (D:3)
  9 adders
  16 gnolls
  A river rat (Sewer)
  A shadow imp (D:8)
  4 white imps
  2 worms
  2 dart slugs (D:4)
  20 orcs
  8 bats
  13 endoplasms
  7 giant cockroaches
  8 goblins
  9 hobgoblins
  10 jackals
  8 kobolds
  6 quokkas
  6 ball pythons
  2 frilled lizards
  10 rats
200 creatures vanquished.

Vanquished Creatures (others)
  32 foxfires
  2 fungi (D:7)
34 creatures vanquished.

Grand Total: 234 creatures vanquished

Notes
Turn   | Place    | Note
-------+----------+-------------------------------------------
     0 | D:1      | Sabo the Gargoyle Fire Elementalist began the quest for the
                  | Orb.
     0 | D:1      | Reached XP level 1. HP: 10/10 MP: 3/3
     1 | D:1      | Found a runed translucent door.
   261 | D:1      | Reached XP level 2. HP: 10/15 MP: 5/5
   408 | D:1      | You fall into a shaft and drop 1 floor!
  1113 | D:1      | Reached XP level 3. HP: 10/19 MP: 6/6
  1252 | D:1      | Learned a level 2 spell: Scorch
  2199 | D:2      | Reached XP level 4. HP: 16/24 MP: 2/7
  2962 | D:1      | Reached skill level 1 in Short Blades
  3113 | D:3      | Reached skill level 4 in Fire Magic
  3351 | D:3      | Reached XP level 5. HP: 28/28 MP: 6/9
  3496 | D:3      | Found a faded altar of an unknown god.
  3527 | D:3      | Noticed Terence
  3533 | D:3      | Killed Terence
  4386 | D:4      | Found a staircase to the Ecumenical Temple.
  4503 | D:4      | Reached skill level 1 in Throwing
  4503 | D:4      | Reached XP level 6. HP: 21/33 MP: 10/10
  4525 | D:4      | Found a glowing drain.
  4537 | Sewer    | Entered a sewer
  4978 | Temple   | Entered the Ecumenical Temple
  4978 | Temple   | Found a transporter.
  4978 | Temple   | Found a transporter.
  4980 | Temple   | Found a transporter.
  4980 | Temple   | Found a transporter.
  5017 | Temple   | Became a worshipper of Vehumet
  5066 | D:4      | Noticed a steam dragon
  5506 | D:4      | Found a hazy altar of Hepliaklqana.
  5684 | D:4      | Reached skill level 1 in Fighting
  5684 | D:4      | Reached skill level 5 in Fire Magic
  5684 | D:4      | Reached XP level 7. HP: 38/38 MP: 6/12
  5728 | D:4      | Identified the +7 chain mail "Xuphyfy" {Drain +Blink rElec
                  | Dex+4}
  5851 | D:4      | Killed a steam dragon
  5852 | D:4      | Reached skill level 1 in Armour
  6363 | D:4      | Learned a level 3 spell: Inner Flame
  6364 | D:5      | Entered Level 5 of the Dungeon
  6467 | D:5      | Found Duigotz's Jewellery Emporium.
  6932 | D:5      | Found an opulent altar of Gozag.
  7139 | D:5      | Reached * piety under Vehumet
  7139 | D:5      | Offered knowledge of Sandblast by Vehumet.
  7660 | D:6      | Found a shimmering altar of Xom.
  7752 | D:6      | Reached XP level 8. HP: 43/43 MP: 10/15
  7761 | D:6      | Reached skill level 5 in Spellcasting
  7761 | D:6      | Reached skill level 6 in Fire Magic
  8000 | D:6      | Noticed a manticore
  8404 | D:6      | Reached skill level 7 in Fire Magic
  8752 | D:6      | Reached XP level 9. HP: 35/47 MP: 1/18
  9278 | D:7      | Reached skill level 8 in Fire Magic
 10054 | D:7      | Learned a level 4 spell: Flame Wave
 10058 | D:7      | Learned a level 3 spell: Kindle Blastsparks
 10064 | D:8      | Found Ewete's Neck Hole.
 10249 | D:8      | Bought a scarf of resistance for 512 gold pieces
 10641 | D:8      | Noticed Maggie
 10653 | D:8      | Noticed Prince Ribbit
 10656 | D:8      | Killed Maggie
 10656 | D:8      | Reached ** piety under Vehumet
 10670 | D:8      | Killed Prince Ribbit
 10670 | D:8      | Offered knowledge of Freeze by Vehumet.
 10671 | D:8      | Reached skill level 9 in Fire Magic
 10847 | D:8      | Reached XP level 10. HP: 52/52 MP: 22/22
 11919 | D:9      | Found a staircase to the Orcish Mines.
 11942 | D:9      | Found a staircase to the Lair.
 12105 | D:9      | Offered knowledge of Stone Arrow by Vehumet.
 12283 | D:9      | Noticed a brown ugly thing
 12283 | D:9      | Noticed a boulder beetle
 12288 | D:9      | HP: 1/52 [freezing wraith (8)]
 12290 | D:9      | Slain by a brown ugly thing

Illustrated notes

Levels and vault maps discovered:
D:1:      dpeg_arrival_caged_fury, layout_basic, dreamdust_princess_bridge
D:2:      layout_loops_ring, minmay_heptomino_l4
D:3:      layout_loops_ring, ebering_ecumenical_altar_webs, uniq_terence
D:4:      layout_loops_ring, nicolae_hepliaklqana_hippocampus,
          minmay_temple_entry_antechambers, cheibrodos_sewer_entry_bend,
          minmay_quadrilaterals
D:5:      layout_loops_ring, nicolae_gozag_cash_rules_everything_around_me,
          serial_shops, nicolae_shop_competitors_out_of_business
D:6:      layout_gridville, mainiacjoe_overflow_concentric_impassable,
          minmay_chambers_of_fives
D:7:      layout_gridville, dreamdust_mushroom_princess
D:8:      layout_basic, nicolae_shop_sticking_my_neck_out, uniq_maggie,
          uniq_prince_ribbit1
D:9:      minmay_shrinking_squares, layout_long_grid, dpeg_oklobed_lair,
          orc_0_dummy
Temple:   hellmonk_temple_divided_pantheon

Skill      XL: |  1  2  3  4  5  6  7  8  9 |
---------------+----------------------------+-----
Stealth        | 3 |  3.9
Short Blades   | 1 |  1.5
Fire Magic     | 4 5 7 9 |  9.8
Spellcasting   | 3 4 6 8 |  8.7
Dodging        | 2 |  2.9
Throwing       | 1 2 3 |  3.5
Fighting       | 1 |  1.1
Armour         | 1 |  1.2
Axes           | |  0.9
Conjurations   | |  1.2
Translocations | |  0.1
Air Magic      | |  0.1

Action                   |  1- 3 |  4- 6 |  7- 9 | 10-12 || total
-------------------------+-------+-------+-------+-------++-------
Melee: Short sword       |    43 |   133 |       |       ||   176
       Punch             |       |     3 |       |       ||     3
       War axe           |       |       |     4 |       ||     4
Throw: Boomerang         |       |    65 |    38 |    24 ||   127
 Cast: Foxfire           |    19 |       |       |       ||    19
       Scorch            |    12 |    53 |   123 |    55 ||   243
       Inner Flame       |       |       |     1 |       ||     1
       Kindle Blastspark |       |       |     1 |       ||     1
       Flame Wave        |       |       |       |     1 ||     1
  Use: Scroll            |       |     5 |    12 |     1 ||    18
       Potion            |       |       |     2 |     1 ||     3
 Stab: Sleeping          |     2 |       |       |       ||     2
Armor: Robe              |    10 |    33 |       |       ||    43
       Troll leather arm |       |     8 |       |       ||     8
       Steam dragon scal |       |       |    16 |    25 ||    41
Dodge: Dodged            |    23 |    95 |    50 |    65 ||   233

Table legend: (Time is in decaauts)
 A = Elapsed time spent in this place.
 B = Non-inter-level travel time spent in this place.
 C = Inter-level travel time spent in this place.
 D = Time resting spent in this place.
 E = Time spent auto-exploring this place.
 F = Levels seen in this place.
 G = Mean time per level.
                   A        B        C        D        E       F      G
               +--------+--------+--------+--------+--------+-----+--------+
         Total |  12258 |  12258 |      0 |   3699 |     81 |  11 | 1114.4 |
       Dungeon |  11875 |  11875 |      0 |   3482 |     81 |   9 | 1319.4 |
        Temple |     56 |     56 |      0 |      0 |      0 |   1 |   56.0 |
         Sewer |    325 |    325 |      0 |    217 |      0 |   1 |  325.0 |
               +--------+--------+--------+--------+--------+-----+--------+

Top non-repeatable levels by time:
     D:1: 1880 daAuts
     D:4: 1805 daAuts
     D:6: 1373 daAuts
     D:5: 1277 daAuts
     D:8: 1167 daAuts
     D:2: 1149 daAuts
     D:3: 1104 daAuts
     D:9: 1069 daAuts
     D:7: 1046 daAuts
   Sewer: 325 daAuts
  Temple: 56 daAuts
